 Dungeon Crawl Stone Soup version 0.30-a0-782-ge64f9170bb (webtiles) character file.

Game seed: 1613629194979181943

23 DavidChitty2 the Shield-Bearer (level 2, -1/29 HPs)
             Began as a Troll Fighter on Mar 14, 2023.
             Succumbed to Terence's poison
             ... on level 2 of the Dungeon.
             The game lasted 00:00:55 (988 turns).

DavidChitty2 the Shield-Bearer (Troll Fighter)       Turns: 988, Time: 00:00:56

Health: -1/29      AC:  8    Str: 29    XL:     2   Next: 75%
Magic:  1/1        EV:  8    Int:  4    God:
Gold:   35         SH:  7    Dex:  9    Spells: 1/1 levels left

rFire   . . .      SeeInvis .      - Unarmed
rCold   . . .      Faith    .    b - +0 kite shield
rNeg    . . .      Spirit   .    a - +0 robe
rPois   .          Reflect  .    (helmet restricted)
rElec   .          Harm     .    (no cloak)
rCorr   .          Rampage  .    (gloves unavailable)
Will    .....                    (boots unavailable)
Stlth   +                        (no amulet)
HPRegen 1.04/turn                i - +4 ring of protection
MPRegen 0.07/turn                j - +6 ring of strength

@: mighty, lethally poisoned (-1 -> -3)
A: large, unfitting armour, claws 3, regeneration 1, shaggy fur 1, tough skin 1
a: no special abilities


You were on level 2 of the Dungeon.
You visited 1 branch of the dungeon, and saw 2 of its levels.

You collected 35 gold pieces.

Inventory:

Armour
 a - a +0 robe (worn)
 b - a +0 kite shield (worn)
Jewellery
 i - a +4 ring of protection (left claw)
   (You found it on level 1 of the Dungeon)
 j - a +6 ring of strength (right claw)
   (You found it on level 1 of the Dungeon)
Scrolls
 d - 3 scrolls of noise {unknown}
 e - a scroll of identify {unknown}
 g - 4 scrolls of teleportation {unknown}
 h - 2 scrolls of enchant weapon {unknown}
Potions
 c - a potion of might
 f - a potion of mutation {unknown}
 k - a potion of heal wounds {unknown}


   Skills:
 + Level 2.6 Fighting
 + Level 2.6 Dodging
 + Level 2.9 Shields
 * Level 2.6 Unarmed Combat


You had one spell level left.
You didn't know any spells.
Your spell library was empty.

Dungeon Overview and Level Annotations

Branches:
Dungeon (2/15)

Altars:

Annotations:
D:2 Terence


Innate Abilities, Weirdness & Mutations

You are too large for most types of armour.
You have claws for hands.
Your natural rate of healing is unusually fast.
You are covered in fur. (AC +1)
You have tough skin. (AC +1)


Message History

You open the door.
There is an open door here.
Found 10 gold pieces.
Found a scroll labelled ROQEING QUNERY.
Found a stone staircase leading down.
A kobold comes into view. It is wielding a +0 short sword.
Found an escape hatch in the floor.
The kobold shouts!
You scratch the kobold.
You kill the kobold!
No target in view!
No target in view!
You now have 35 gold pieces (gained 10).
g - 4 scrolls labelled ROQEING QUNERY (gained 1)
Found 10 gold pieces.
Terence the Incautious comes into view.
He is wielding a +2 trident of venom.
Terence shouts!
You see here 10 gold pieces.
Terence hits you but does no damage.
You are poisoned.
You feel very sick. Terence barely misses you.
You completely miss Terence.
You feel sick. Terence barely misses you.
You completely miss Terence.
You feel sick. You block Terence's attack.
You scratch Terence but do no damage.
You feel sick. Terence hits you but does no damage.
You are more poisoned.
Terence hits you with a +2 trident of venom!
You are more poisoned.
You scratch Terence.
* * * LOW HITPOINT WARNING * * *
You feel extremely sick. You block Terence's attack.
* * * LOW HITPOINT WARNING * * *
You feel very sick.
Terence hits you with a +2 trident of venom.
* * * LOW HITPOINT WARNING * * *
Okay, then.
You feel very mighty all of a sudden.
* * * LOW HITPOINT WARNING * * *
You feel very sick. You block Terence's attack.
You scratch Terence.
* * * LOW HITPOINT WARNING * * *
You feel very sick. You block Terence's attack.
You claw Terence!
* * * LOW HITPOINT WARNING * * *
You feel sick. You block Terence's attack.
You scratch Terence.
You die...

..## ...# ....
...# ... ...# ...
...# #.### ...#
#... ...# #..#
.#.##### #.@#
.#.#...###
#.@###.#
.†.'...+.#
#......#
##.#...#.#
#.######
#..####.# #$#
##.####)######.##
#..............#
#####......##..#
#..........#
#.............#


You could see Terence.

Vanquished Creatures
  3 endoplasms (D:1)
  A giant cockroach (D:1)
  5 goblins
  A hobgoblin (D:1)
  A quokka (D:2)
  A ball python (D:1)
  2 bats
  2 frilled lizards (D:1)
  4 kobolds
  3 rats
23 creatures vanquished.

Notes
Turn   | Place    | Note
-------+----------+-------------------------------------------
     0 | D:1      | DavidChitty2 the Troll Fighter began the quest for the Orb.
     0 | D:1      | Reached XP level 1. HP: 22/22 MP: 0/0
   185 | D:1      | Reached XP level 2. HP: 29/29 MP: 1/1
   975 | D:2      | Noticed Terence
   987 | D:2      | HP: 1/29 [poisoned by Terence]
   988 | D:2      | Succumbed to Terence's poison

Illustrated notes

Levels and vault maps discovered:
D:1:      amcnicky_arrival_choice, layout_basic, minmay_3d_cube
D:2:      layout_basic, uniq_terence

Action                     || total
---------------------------++-------
  Melee: Unarmed           ||    59
    Use: Potion            ||     1
 Armour: Robe              ||    19
  Dodge: Dodged            ||    13
  Block: Kite shield       ||    21

Table legend: (Time is in decaauts)
 A = Elapsed time spent in this place.
 B = Non-inter-level travel time spent in this place.
 C = Inter-level travel time spent in this place.
 D = Time resting spent in this place.
 E = Time spent auto-exploring this place.
 F = Levels seen in this place.
 G = Mean time per level.
                   A        B        C        D        E       F      G
               +--------+--------+--------+--------+--------+-----+--------+
         Total |    991 |    954 |     37 |      0 |    785 |   2 |  495.5 |
       Dungeon |    991 |    954 |     37 |      0 |    785 |   2 |  495.5 |
               +--------+--------+--------+--------+--------+-----+--------+

Top non-repeatable levels by time:
     D:1: 871 daAuts
     D:2: 120 daAuts
